Map: Frozen Temple

Players

Fropez - Winner!

  • Race: Protoss Protoss
  • League: Gold
  • Spawn Location: 5:00

Syphylis

  • Race: Terran Terran
  • Spawn Location: 11:00

VOD

Have the link to the VOD?

Description

Time

  • Played on: Nov. 8, 2016, 3 p.m.
  • Length: 10:12
Show
View Real Time Build Order
Export as new Build Order

Fropez Protoss - Winner!

Build Orders:  

Get SALT Encoding   

  12  0:02  Probe (Chrono Boost)  
  13  0:13  Probe (Chrono Boost)  
  14  0:18  Pylon  
  14  0:23  Probe (Chrono Boost)  
  15  0:36  Probe (Chrono Boost)  
  15  0:40  Gateway  
  16  0:47  Probe (Chrono Boost)  
  17  0:57  Probe (Chrono Boost), Gateway  
  18  1:05  Assimilator  
  18  1:08  Probe (Chrono Boost)  
  20  1:18  Pylon, Probe (Chrono Boost)  
  20  1:29  Probe (Chrono Boost)  
  21  1:39  Probe (Chrono Boost)  
  22  1:44  Assimilator  
  22  1:50  Cybernetics Core  
  22  1:53  Probe (Chrono Boost)  
  23  2:02  Pylon  
  23  2:05  Probe (Chrono Boost)  
  24  2:29  Probe (Chrono Boost)  
  25  2:33  Twilight Council  
  25  2:35  Warp Gate (Chrono Boost)  
  25  2:40  Mothership Core (Chrono Boost)  
  27  2:46  Pylon  
  27  2:53  Nexus  
  28  2:58  Probe (Chrono Boost)  
  28  3:09  Probe (Chrono Boost)  
  28  3:10  Pylon  
  28  3:12  Pylon  
  28  3:30  Probe (Chrono Boost)  
  29  3:37  Gateway  
  29  3:38  Pylon  
  29  3:41  Probe (Chrono Boost)  
  30  3:46  Resonating Glaives (Chrono Boost)  
  30  3:52  Probe  
  31  3:55  Gateway  
  31  4:04  Probe  
  31  4:06  Probe  
  33  4:13  Pylon  
  33  4:16  Probe  
  34  4:18  Pylon  
  34  4:19  Probe  
  34  4:20  Pylon  
  35  4:28  Probe  
  35  4:31  Probe, Assimilator  
  37  4:36  Pylon  
  37  4:50  Pylon  
  37  5:10  Probe  
  37  5:11  Probe  
  39  5:19  Stalker x3  
  45  5:22  Probe  
  45  5:24  Blink (Chrono Boost)  
  46  5:29  Robotics Facility  
  46  5:33  Gateway  
  46  5:34  Probe  
  46  5:35  Probe  
  48  5:37  Gateway  
  48  5:46  Probe  
  48  5:47  Forge  
  49  5:55  Probe  
  50  5:57  Adept x4  
  50  6:00  Assimilator  
  50  6:03  Probe  
  59  6:07  Probe  
  60  6:15  Probe  
  60  6:17  Immortal (Chrono Boost)  
  63  6:28  Protoss Ground Weapons Level 1  
  62  6:32  Stalker  
  62  6:33  Stalker x3  
  62  6:37  Probe  
  70  6:42  Probe  
  71  6:49  Probe  
  72  6:54  Probe  
  72  7:01  Probe  
  74  7:04  Adept  
  74  7:05  Adept x4  
  78  7:28  Adept  
  78  7:29  Adept x5  
  88  7:43  Nexus  
  88  7:45  Immortal (Chrono Boost)  
  88  7:46  Pylon  
  84  8:07  Adept x5  
  84  8:08  Adept  
  84  8:09  Probe  
  97  8:17  Charge  
  95  8:30  Photon Cannon  
  95  8:32  Pylon  
  95  8:35  Photon Cannon  
  95  8:38  Photon Cannon  
  95  8:45  Pylon  
  95  8:49  Pylon  
  95  8:50  Pylon  
  95  8:53  Pylon  
  95  8:58  Pylon  
  95  9:02  Stalker x3  
  101  9:12  Probe x2  
  103  9:23  Stalker  
  103  9:24  Stalker  
  107  9:56  Probe x2  
  109  10:03  Nexus  
  109  10:06  Photon Cannon  
  107  10:07  Gateway  
  105  10:10  Gateway  
Show
View Real Time Build Order
Export as new Build Order

Syphylis Terran 

Build Orders: MMM Bio 

Get SALT Encoding   

  12  0:02  SCV  
  13  0:15  Supply Depot  
  13  0:18  SCV  
  14  0:30  Refinery  
  14  0:31  SCV  
  15  0:43  Barracks  
  15  0:47  SCV  
  16  0:59  SCV  
  17  1:11  SCV  
  18  1:25  SCV  
  19  1:33  Barracks Tech Lab  
  19  1:38  Orbital Command  
  19  1:49  Factory  
  19  1:57  Marine  
  20  2:04  SCV  
  21  2:14  Barracks  
  21  2:18  Stimpack  
  21  2:22  SCV  
  22  2:32  Marine  
  23  2:41  Refinery  
  23  2:42  Factory Reactor  
  23  3:03  Barracks Reactor  
  23  3:07  Barracks, Command Center  
  23  3:23  Supply Depot  
  23  3:42  Starport  
  23  3:43  Refinery  
  23  3:44  Marine x2  
  23  3:45  Marauder  
  23  3:47  Supply Depot x2, Refinery  
  27  3:55  Barracks Reactor  
  27  3:58  SCV  
  28  4:14  SCV  
  29  4:19  Marine x2  
  31  4:29  Marine  
  32  4:33  Medivac x2  
  32  4:36  Marine  
  32  4:38  SCV  
  38  4:41  Orbital Command  
  38  4:50  SCV  
  38  4:51  Marine  
  38  4:52  Marine x2  
  42  4:57  Marine x2  
  42  5:10  SCV x2  
  44  5:22  SCV x2, Combat Shields  
  44  5:23  Medivac  
  44  5:24  Marine  
  49  5:34  Marine x2  
  49  5:35  Marine x2  
  53  5:40  SCV x2  
  55  5:45  Supply Depot  
  55  5:48  Marine  
  56  5:52  Marine, SCV  
  58  6:04  Marine x3  
  45  6:33  Marine x3  
  45  6:34  Marine  
  45  6:35  Marauder  
  50  6:48  Medivac  
  50  6:49  Medivac  
  50  6:50  SCV x2  
  50  6:51  Marine x2, Barracks  
  58  6:55  Barracks x2  
  44  7:23  Marine x4  
  44  7:24  Marauder  
  44  7:26  Medivac x2  
  44  7:27  SCV x2  
  56  7:42  Barracks Tech Lab x2  
  56  7:43  Barracks Tech Lab  
  53  7:58  SCV x2  
  52  8:03  Marine x3  
  53  8:20  SCV x2  
  55  8:29  Marine x2  
  55  8:33  Marauder  
  59  8:47  Marine x3  
  59  8:48  Marine x2  
  64  8:50  SCV x2  
  64  8:55  Marauder  
  68  9:02  SCV  
  69  9:06  Supply Depot  
  69  9:27  Marauder  
  68  9:37  Marine x6  
  68  9:38  Marine  
  60  9:42  SCV x2  
  62  9:49  Marauder  
  64  9:58  SCV  
  64  9:59  SCV  
  70  10:09  Command Center  
Tags
 
Composition
MMM Bio
League
Gold
Matchup
PvT
Replay Pack
All Mines
Spawn Locations
Cross Positions
Add a new tag
Caveats
  • Supply blocks, unpowered buildings, or Contaminate may cause inaccurate times.
  • Supply counts are checked every 10 seconds.